 Dungeon Crawl Stone Soup version 0.28.0-53-g5a82cb258f (webtiles) character file.

Game seed: 13476448223434180101

118 gobodom the Grave Robber (level 4, -4/31 HPs)
             Began as a Demonspawn Necromancer on June 8, 2022.
             Slain by gobodom's ghost (5 damage)
             ... on level 3 of the Dungeon.
             The game lasted 00:19:32 (3175 turns).

gobodom the Grave Robber (Demonspawn Necromancer)   Turns: 3175, Time: 00:19:33

Health: -4/31      AC:  3    Str: 10    XL:     4   Next: 72%
Magic:  8/8        EV: 16    Int: 16    God:
Gold:   70         SH:  0    Dex: 14    Spells: 5/9 levels left

rFire   . . .      SeeInvis .   o - +0 rapier (speed)
rCold   . . .      Faith    .   (no shield)
rNeg    . . .      Spirit   .   a - +1 robe
rPois   .          Reflect  .   (no helmet)
rElec   .          Harm     .   (no cloak)
rCorr   .          Rampage  .   (no gloves)
Will    .....                   (no boots)
Stlth   ++........              d - amulet of the acrobat
HPRegen 0.10/turn               n - +4 ring of evasion
MPRegen 0.11/turn               (no ring)

@: lethally poisoned (-4 -> -7), about to teleport
A: claws 1
a: no special abilities


You were on level 3 of the Dungeon.
You visited 1 branch of the dungeon, and saw 3 of its levels.

You collected 70 gold pieces.

Inventory:

Hand Weapons
 c - a +0 dagger of freezing
 o - a +0 rapier of speed (weapon)
Missiles
 l - 2 poisoned darts (quivered)
Armour
 a - a +1 robe (worn)
Magical Staves
 j - a staff of cold
Jewellery
 d - an amulet of the acrobat (around neck)
 n - a +4 ring of evasion (left claw)
Scrolls
 p - a scroll of immolation {unknown}
Potions
 e - 2 potions of flight
 g - a potion of lignification
 i - a potion of attraction


   Skills:
 + Level 0.5 Fighting
 + Level 0.6 Short Blades
 + Level 1.2 Throwing
 + Level 1.9 Dodging
 + Level 1.9 Stealth
 + Level 3.0 Spellcasting
 + Level 5.4 Necromancy


You had 5 spell levels left.
You knew the following spells:

 Your Spells              Type           Power      Damage    Failure   Level
a - Pain                  Necr           76%        1d7       1%          1
b - Vampiric Draining     Necr           19%        2d7       6%          3

Your spell library contained the following spells:

 Spells                   Type           Power      Damage    Failure   Level
 Animate Skeleton         Necr           38%        N/A       1%          1
 Animate Dead             Necr           9%         N/A       21%         4
 Agony                    Necr           19%        N/A       50%         5


Dungeon Overview and Level Annotations

Branches:
Dungeon (3/15)

Altars:
Ru
Yredelemnul

Annotations:
D:3 gobodom's ghost, amateur DsVM


Innate Abilities, Weirdness & Mutations

You have sharp fingernails.


Message History

Gobodom's ghost points at you and mumbles some strange words.
The sting misses you.
You feel sick.
You feel sick.
You feel sick.
You are no longer poisoned.
There is an open door here.
Throw: 3 darts (poison)
Press: ? - help, Q - select action, (/) - cycle Shift-Dir - straight line, f - gobodom's ghost
Aim: gobodom's ghost, wielding a weapon of freezing (heavily damaged, 50% to hit)
You throw a poisoned dart.
The poisoned dart misses gobodom's ghost.
Gobodom's ghost gestures at you while chanting.
The sting misses you.
It was a potion of curing.
You feel better. Gobodom's ghost hits you!
* * * LOW HITPOINT WARNING * * *
Gobodom's ghost freezes you.
* * * LOW HITPOINT WARNING * * *
Unknown command.
You hear the rusting of a very distant drain.
Gobodom's ghost completely misses you.
Gobodom's ghost says, "A minor scratch like that one is certainly harmless."
Gobodom's ghost misses you. Gobodom's ghost casts a spell at you.
The sting hits you.
You are lethally poisoned!
* * * LOW HITPOINT WARNING * * *
As you read the scroll labelled MANIEJ XOZO, it crumbles to dust.
It is a scroll of enchant armour.
Your +0 robe glows green for a moment.
* * * LOW HITPOINT WARNING * * *
You feel sick.
Unknown command.
As you read the scroll labelled SYUCLE HUU, it crumbles to dust.
You feel strangely unstable.
It was a scroll of teleportation.
* * * LOW HITPOINT WARNING * * *
You feel sick.
Gobodom's ghost shouts, "Death is your only future!"
Gobodom's ghost hits you.
You die...

....# ##...###.##
##..#...)...
#.....##....
##.#.###.....
#..#.#...#
###.##.<÷..#
######÷..##..##.....
#......#@..÷###.##.#
##.###...W..........
#..###....#..#..###.
#....#......##.##
####...##'### #
######.#### #.(..###
####.#.## #!.'....#


You could see gobodom's ghost.

Vanquished Creatures
  Jessica (D:2)
  A scorpion zombie (D:3)
  3 adders
  An adder zombie (D:3)
  A worm (D:2)
  3 ball pythons (D:1)
  3 endoplasms
  2 giant cockroaches (D:2)
  3 goblins
  3 hobgoblins
  2 jackals (D:1)
  3 quokkas
  A bat (D:1)
  5 frilled lizards
  A kobold (D:1)
  2 rats
35 creatures vanquished.

Vanquished Creatures (others)
  A demonspawn (D:1)
  A draconian (D:1)
  A vine stalker (D:1)
  A troll (D:1)
  A formicid (D:1)
  A human (D:1)
  A demigod (D:1)
  2 felids (D:1)
  2 orcs (D:1)
  A kobold (D:1)
  4 tentacles (D:1)
16 creatures vanquished.

Grand Total: 51 creatures vanquished

Notes
Turn   | Place    | Note
-------+----------+-------------------------------------------
     0 | D:1      | gobodom the Demonspawn Necromancer began the quest for the
                  | Orb.
     0 | D:1      | Reached XP level 1. HP: 13/13 MP: 3/3
     0 | D:1      | Noticed a troll
     0 | D:1      | Noticed a felid
     0 | D:1      | Noticed a human
     0 | D:1      | Noticed a kraken
     0 | D:1      | Noticed a draconian
     0 | D:1      | Noticed a felid
     0 | D:1      | Noticed a vine stalker
     0 | D:1      | Noticed a demigod
     0 | D:1      | Noticed a demonspawn
     0 | D:1      | Noticed a formicid
     0 | D:1      | Found a faded altar of an unknown god.
     3 | D:1      | Killed a demigod
     5 | D:1      | Killed a draconian
     8 | D:1      | Killed a demonspawn
     9 | D:1      | Killed a human
    13 | D:1      | Killed a vine stalker
    15 | D:1      | Killed a felid
    16 | D:1      | Killed a felid
    20 | D:1      | Killed a troll
    28 | D:1      | Killed a formicid
   422 | D:1      | Gained mutation: You have sharp fingernails. [demonic
                  | ancestry]
   422 | D:1      | Reached XP level 2. HP: 14/19 MP: 3/5
  2101 | D:2      | Found a sacrificial altar of Ru.
  2130 | D:2      | Reached XP level 3. HP: 21/24 MP: 3/6
  2290 | D:2      | Noticed Jessica
  2295 | D:2      | Killed Jessica
  2296 | D:2      | Reached skill level 5 in Necromancy
  2532 | D:2      | Reached XP level 4. HP: 18/31 MP: 4/8
  2834 | D:3      | Reached skill level 1 in Throwing
  2876 | D:3      | Found a runed translucent gate.
  2876 | D:3      | Found a runed translucent gate.
  2876 | D:3      | Found a runed translucent gate.
  2876 | D:3      | Noticed gobodom's ghost (amateur DsVM)
  2878 | D:3      | Found a basalt altar of Yredelemnul.
  3149 | D:3      | Learned a level 3 spell: Vampiric Draining
  3175 | D:3      | HP: 1/31 [poisoned by gobodom's ghost (sting)]
  3175 | D:3      | Slain by gobodom's ghost

Illustrated notes

Levels and vault maps discovered:
D:1:      nicolae_arrival_kraken_aquarium_a, layout_rooms,
          ebering_ecumenical_altar_mist
D:2:      layout_basic, basic_altar, uniq_jessica
D:3:      layout_rooms, mainiacjoe_overflow_tiny_flanked,
          nicolae_yredelemnul_ghost_church, portal_sewer_entry_d

Skill      XL: |  1  2  3  4 |
---------------+-------------+-----
Necromancy     | 5 |  5.4
Throwing       | 1 |  1.2
Spellcasting   | 3 |  3.0
Fighting       | |  0.5
Short Blades   | |  0.6
Dodging        | |  1.9
Stealth        | |  1.9

Action                   |  1- 3 |  4- 6 || total
-------------------------+-------+-------++-------
Melee: Dagger            |    14 |       ||    14
       Rapier            |     4 |    35 ||    39
Throw: Dart              |    14 |     4 ||    18
 Cast: Pain              |    63 |     3 ||    66
  Use: Scroll            |       |     5 ||     5
       Potion            |       |     3 ||     3
Armor: Robe              |     3 |     2 ||     5
Dodge: Dodged            |    20 |    29 ||    49
